 Dungeon Crawl Stone Soup version 0.20-a0-2-g2b0e13a (webtiles) character file.

1831 dobroeutro the Skirmisher (level 8, -2/65 HPs)
             Began as a Demonspawn Monk on Oct 29, 2016.
             Was a Priest of Okawaru.
             Slain by a hornet (7 damage)
             ... while paralysed by a hornet
             ... on level 7 of the Dungeon.
             The game lasted 00:13:14 (7527 turns).

dobroeutro the Skirmisher (Demonspawn Monk)         Turns: 7527, Time: 00:13:15

Health: -2/65      AC: 15    Str: 14    XL:     8   Next: 86%
Magic:  7/8        EV:  2    Int: 11    God:    Okawaru [***...]
Gold:   350        SH:  0    Dex: 16    Spells: 0 memorised, 7 levels left

rFire  + + .     SeeInvis .       - Unarmed
rCold  x . .     Gourm    .     j - +0 fire dragon scales
rNeg   + . .     Faith    .     (no shield)
rPois  .         Spirit   .     c - +0 helmet
rElec  .         Reflect  .     x - +0 cloak
rCorr  .         Harm     .     h - +0 pair of gloves
MR     .....                    (no boots)
Stlth  ..........               (no amulet)
                                o - +1 ring of evasion
                                a - ring of positive energy

@: paralysed, lethally poisoned (-2 -> -8), slowed
A: talons 1, yellow scales 1
a: Heroism, Renounce Religion


You were on level 7 of the Dungeon.
You worshipped Okawaru.
Okawaru was most pleased with you.
You were very hungry.

You visited 2 branches of the dungeon, and saw 8 of its levels.

You collected 404 gold pieces.
You spent 54 gold pieces at shops.

Inventory:

Armour
 c - a +0 helmet (worn)
 e - a +0 leather armour
 h - a +0 pair of gloves (worn)
 j - +0 fire dragon scales (worn)
 x - a +0 cloak (worn)
Jewellery
 a - a ring of positive energy (left hand)
 n - an uncursed ring of wizardry
 o - a +1 ring of evasion (right hand)
 B - an uncursed amulet of magic regeneration
Wands
 G - a wand of slowing (36/48)
 H - a wand of confusion (33/48)
Scrolls
 d - 2 scrolls of remove curse {unknown}
 f - 5 scrolls of identify
 k - 3 scrolls of teleportation {unknown}
 l - 4 scrolls of magic mapping {unknown}
 q - a scroll of fear {unknown}
 t - a scroll of blinking {unknown}
 v - 3 scrolls of enchant armour {unknown}
 w - 2 scrolls of recharging
 y - 2 scrolls of noise {unknown}
 D - a scroll of brand weapon {unknown}
 E - a scroll of amnesia {unknown}
 I - a scroll of enchant weapon {unknown}
Potions
 i - 5 potions of curing
 m - a potion of magic {unknown}
 p - a potion of brilliance {unknown}
 s - a potion of haste {unknown}
 u - 3 potions of degeneration {unknown}
 z - a potion of ambrosia {unknown}
 A - 3 potions of lignification {unknown}
 C - a potion of heal wounds {unknown}
 J - a potion of cancellation {unknown}
 K - a potion of resistance {unknown}
Comestibles
 b - 3 bread rations
 g - a beef jerky
 r - 4 slices of pizza
 F - a meat ration


   Skills:
 + Level 6.6 Fighting
 + Level 5.1 Armour
 + Level 6.0 Dodging
 - Level 1.7 Stealth
 + Level 5.6 Unarmed Combat


You had 7 spell levels left.
You didn't know any spells.

Dungeon Overview and Level Annotations

Branches:
Dungeon (7/15)             Temple (1/1) D:4

Altars:
Cheibriados
Dithmenos
Elyvilon
Fedhas
Gozag
Hepliaklqana
Kikubaaqudgha
Makhleb
Nemelex Xobeh
Okawaru
Qazlal
Sif Muna
Trog
Uskayaw
Vehumet
Xom
Yredelemnul
Zin
The Shining One

Shops:
D:4 [   D:7 [

Annotations:
D:5 Prince Ribbit


Innate Abilities, Weirdness & Mutations

You have sharp toenails.
You are partially covered in yellow scales. (AC +2)


Message History

* * * LOW HITPOINT WARNING * * *
You feel as though you will be slow longer.
Your fire dragon scales prevents you from hitting the hornet.
Your kick misses the hornet.
The hornet is almost dead.
The hornet stings you!
* * * LOW HITPOINT WARNING * * *
You feel as though you will be slow longer.
The hornet stings you.
* * * LOW HITPOINT WARNING * * *
You are lethally poisoned!
You suddenly lose the ability to move!
* * * LOW HITPOINT WARNING * * *
You feel sick. The hornet barely misses you.
You are feeling very hungry.
* * * LOW HITPOINT WARNING * * *
You feel sick.
The hornet stings you but does no damage.
The hornet stings you!
You die...

.. #. ## #y... .. ..#.#.##
.._... ########### .... #.#
#.........# .c# #.#
###.........# ##y## #..###
..........>.# #@..# #.#...
###.........# #...# #.##.#
#.........# #...# #.##.#
#.........# #...# ######.##.#
#.........# #...####.....(##.#
#.........####.........###.....
#......................###.##.#
##.......................#.....
#.#.##.)..............#.#..#.#


You could see a hornet and a centaur.

Vanquished Creatures
  Sigmund (D:3)
  An ice beast (D:7)
  An orc warrior (D:7)
  2 phantoms (D:5)
  An eye of draining (D:4)
  2 ogres (D:5)
  A centaur (D:7)
  2 bullfrogs
  3 scorpions
  A crimson imp (D:6)
  A bullfrog skeleton (D:3)
  2 hounds
  A jelly (D:4)
  An orc wizard (D:4)
  Natasha (twice) (D:3)
  3 worker ants
  2 hound zombies
  4 gnolls (D:3)
  10 adders
  3 oozes
  2 worms
  2 leopard geckos
  18 orcs
  3 ball pythons
  7 giant cockroaches
  9 goblins
  12 hobgoblins
  8 jackals
  5 quokkas
  8 bats
  2 frilled lizards (D:2)
  6 kobolds
  8 rats
134 creatures vanquished.

Vanquished Creatures (others)
  Eustachio (D:4)
1 creature vanquished.

Grand Total: 135 creatures vanquished

Notes
Turn   | Place    | Note
-------+----------+-------------------------------------------
     0 | D:1      | dobroeutro the Demonspawn Monk began the quest for the Orb.
     0 | D:1      | Reached XP level 1. HP: 18/18 MP: 1/1
   196 | D:1      | Gained mutation: You are partially covered in yellow scales. (AC +2) [demonic ancestry]
   196 | D:1      | Reached XP level 2. HP: 22/24 MP: 2/2
   417 | D:1      | Reached skill level 1 in Armour
   701 | D:2      | Gained mutation: You have sharp toenails. [demonic ancestry]
   701 | D:2      | Reached XP level 3. HP: 29/29 MP: 3/3
  1037 | D:2      | Found a faded altar of an unknown god.
  1048 | D:2      | Reached XP level 4. HP: 27/36 MP: 4/4
  1210 | D:2      | Found a basalt altar of Yredelemnul.
  1892 | D:3      | Noticed Sigmund
  1940 | D:3      | Killed Sigmund
  1940 | D:3      | Reached XP level 5. HP: 4/42 MP: 5/5
  1940 | D:3      | Reached XP level 6. HP: 5/48 MP: 6/6
  2241 | D:3      | Noticed Natasha
  2250 | D:3      | Killed Natasha
  2545 | D:3      | Noticed Natasha
  2566 | D:3      | Killed Natasha
  2707 | D:4      | Found a staircase to the Ecumenical Temple.
  2808 | Temple   | Entered the Ecumenical Temple
  2888 | Temple   | Became a worshipper of Warmaster Okawaru
  2888 | Temple   | Reached * piety under Okawaru
  2888 | Temple   | Reached ** piety under Okawaru
  3076 | D:4      | Found Balatuog's Armour Emporium.
  3079 | D:4      | Bought a +0 cloak for 54 gold pieces
  3116 | D:4      | Noticed Eustachio
  3397 | D:4      | Reached XP level 7. HP: 21/55 MP: 7/7
  3522 | D:4      | Killed Eustachio
  3576 | D:4      | Found a bloodstained altar of Trog.
  3618 | D:4      | Reached skill level 5 in Fighting
  3897 | D:5      | Entered Level 5 of the Dungeon
  3919 | D:5      | Noticed Prince Ribbit
  4172 | D:5      | Reached skill level 5 in Dodging
  4495 | D:5      | Reached XP level 8. HP: 60/63 MP: 8/8
  5313 | D:5      | Reached skill level 5 in Unarmed Combat
  6223 | D:6      | HP: 3/64 [ice beast (16)]
  7033 | D:7      | Found Sioqazos's Armour Shoppe.
  7085 | D:7      | Reached *** piety under Okawaru
  7390 | D:7      | Reached skill level 5 in Armour
  7508 | D:7      | Found a white marble altar of Elyvilon.
  7512 | D:7      | Noticed a hornet
  7519 | D:7      | Paralysed by a hornet for 2 turns
  7525 | D:7      | Paralysed by a hornet for 3 turns
  7527 | D:7      | Slain by a hornet

Vault maps used:
D:1:      dpeg_arrival_arbitrary_a, hangedman_decor_points,
          minmay_tiny_reverse_x
D:2:      lemuel_crystal_altar, ecumenical_altar_1, st_stairs_14,
          minmay_crystal_room
D:3:      kennysheep_big_flooded_room, uniq_sigmund, uniq_natasha
D:4:      serial_corexii_hall, corexii_hall_statues_i, corexii_hall_statues_l,
          serial_shops, kennysheep_mini, trog_eyes_of_draining, uniq_eustachio
D:5:      first_bread, serial_corexii_hall, corexii_hall_statues_s,
          corexii_hall_statues_u, corexii_hall_statues_t,
          corexii_hall_statues_i, uniq_prince_ribbit1
D:6:      minmay_strange_pillars
D:7:      minmay_overflow_temple_star_quad, serial_shops,
          nicolae_shop_temple_entry_statues_fountains, hangedman_feature_mirror,
          uniq_menkaure, uniq_duvessa
Temple:   eino_temple_rhombus

Skill      XL: |  1  2  3  4  5  6  7  8 |
---------------+-------------------------+-----
Armour         | 1 2 3 4 5 |  5.1
Unarmed Combat | 3 4 5 |  5.6
Dodging        | 3 4 5 6 |  6.0
Fighting       | 4 5 6 |  6.6
Stealth        | |  1.7

Action                   |  1- 3 |  4- 6 |  7- 9 || total
-------------------------+-------+-------+-------++-------
Melee: Unarmed           |   141 |   546 |   443 ||  1130
       Kick              |    17 |   156 |   122 ||   295
       Punch             |     1 |     7 |     9 ||    17
Invok: Heroism           |       |       |     2 ||     2
Evoke: Wand              |       |       |     4 ||     4
  Use: Scroll            |       |       |     3 ||     3
       Potion            |       |       |     2 ||     2
  Eat: Chunk             |       |     8 |     5 ||    13
       Bread ration      |       |       |     2 ||     2
Armor: Robe              |    14 |       |       ||    14
       Leather armour    |    35 |       |       ||    35
       Fire dragon scale |    22 |   239 |   181 ||   442
Dodge: Dodged            |   100 |   247 |   277 ||   624
